 Dungeon Crawl Stone Soup version 0.29-a0-323-g050149af67 (webtiles) character file.

Game seed: 7508777936982299903

102 Jortsu the Vandal (level 4, -5/41 (42) HPs)
             Began as a Troll Hunter on Apr 11, 2022.
             Was an Initiate of Gozag.
             Slain by Crazy Yiuf
             ... wielding a +2 quarterstaff of chaos
              (15 damage)
             ... while paralysed by Crazy Yiuf
             ... on level 2 of the Dungeon.
             The game lasted 00:04:14 (1601 turns).

Jortsu the Vandal (Troll Hunter)                    Turns: 1601, Time: 00:04:15

HP:   -5/41 (42)    AC:  4    Str: 19    XL:     4   Next: 50%
MP:   3/3           EV:  1    Int:  5    God:    Gozag
Gold: 290           SH:  0    Dex: 21    Spells: 3/3 levels left

rFire   . . .      SeeInvis .     - Unarmed
rCold   . . .      Faith    .   (no shield)
rNeg    . . .      Spirit   .   b - +0 robe
rPois   .          Reflect  .   (helmet restricted)
rElec   .          Harm     .   (no cloak)
rCorr   .          Rampage  .   (gloves unavailable)
Will    .....                   (boots unavailable)
Stlth   ++........              (no amulet)
HPRegen 0.93/turn               f - +6 ring of dexterity
MPRegen 0.08/turn               (no ring)

@: paralysed, lightly drained
A: large, unfitting armour, claws 3, regeneration 1, shaggy fur 1, tough skin 1
a: Renounce Religion, Potion Petition, Call Merchant, Bribe Branch


You were on level 2 of the Dungeon.
You worshipped Gozag.
Gozag was aware of your devotion.
You visited 1 branch of the dungeon, and saw 2 of its levels.

You collected 290 gold pieces.

Inventory:

Hand Weapons
 a - a +1 hunting sling of venom
Armour
 b - a +0 robe (worn)
Jewellery
 f - a +6 ring of dexterity (left claw)
Scrolls
 c - 2 scrolls of immolation
 h - 3 scrolls of identify
 i - a scroll of enchant weapon
Potions
 d - a potion of flight {unknown}
 e - a potion of lignification
 g - a potion of might {unknown}


   Skills:
 + Level 1.7 Fighting
 + Level 3.2 Slings
 + Level 2.2 Dodging
 + Level 0.8 Stealth
 + Level 2.1 Unarmed Combat


You had 3 spell levels left.
You didn't know any spells.
Your spell library was empty.

Dungeon Overview and Level Annotations

Branches:
Dungeon (2/15)

Altars:
Gozag
Qazlal

Shops:
D:1 [

Annotations:
D:2 Crazy Yiuf


Innate Abilities, Weirdness & Mutations

You are too large for most types of armour.
You have claws for hands.
Your natural rate of healing is unusually fast.
You are covered in fur. (AC +1)
You have tough skin. (AC +1)


Message History

You scratch the jackal.
You kill the jackal!
You now have 270 gold pieces (gained 22).
You see here a +0 long sword.
You now have 276 gold pieces (gained 6).
You now have 283 gold pieces (gained 7).
You see here a +0 long sword.
You see here a +0 long sword.
A hobgoblin comes into view.
The hobgoblin shouts!
The hobgoblin barely misses you.
You claw the hobgoblin!
You kill the hobgoblin!
You now have 290 gold pieces (gained 7).
Found a dagger.
Found 14 stones.
Found a trident.
Found a hunting sling.
You see here a +0 hand axe.
There is a stone staircase leading down here.
There is a stone staircase leading up here.
Found a mace.
Found a runed translucent door.
Crazy Yiuf laughs, "Gum aubergine seventy!"
You open the door. You scratch Crazy Yiuf.
Crazy Yiuf is moderately wounded.
Crazy Yiuf barely misses you.
You completely miss Crazy Yiuf.
Crazy Yiuf is moderately wounded.
Crazy Yiuf hits you with a +2 quarterstaff of chaos!
You suddenly lose the ability to move!
Crazy Yiuf hits you with a +2 quarterstaff of chaos!
You feel drained.
Crazy Yiuf hits you with a +2 quarterstaff of chaos.
* * * LOW HITPOINT WARNING * * *
Crazy Yiuf burns you.
* * * LOW HITPOINT WARNING * * *
Crazy Yiuf hits you with a +2 quarterstaff of chaos!
You die...
Your body crumbles into a pile of gold.

##♣♣♣♣♣ ###...♣.♣♣♣ ###
##......♣..♣#...#
#......♣♣♣♣@g...# ## ##..#..♣♣
♣♣#..)# ##. #..###♣♣ ### ##..
#####.## ##.#. #......## ##.#.#
[.<.....## ############ ##.#.##
.........# #..##.##...# ##.#.##.
.........# ##.###......###.#.##.#
.........###..#.......###.#.##.#.


You could see Crazy Yiuf.

Vanquished Creatures
  Robin (D:1)
  2 adders
  3 dart slugs
  5 ball pythons
  4 bats
  7 endoplasms (D:1)
  2 giant cockroaches
  12 goblins
  5 hobgoblins
  6 jackals (D:2)
  2 quokkas
  2 frilled lizards (D:1)
  2 kobolds
  6 rats
59 creatures vanquished.

Notes
Turn   | Place    | Note
-------+----------+-------------------------------------------
     0 | D:1      | Jortsu the Troll Hunter began the quest for the Orb.
     0 | D:1      | Reached XP level 1. HP: 19/19 MP: 0/0
   131 | D:1      | Reached XP level 2. HP: 27/27 MP: 1/1
   167 | D:1      | Reached skill level 3 in Slings
   273 | D:1      | Found Racast's Armour Shoppe.
   697 | D:1      | Found a faded altar of an unknown god.
   706 | D:1      | Prayed at the altar of an unknown god.
   706 | D:1      | Became a worshipper of Gozag Ym Sagoz the Greedy
   799 | D:2      | Noticed Robin
   821 | D:1      | Reached XP level 3. HP: 13/33 MP: 2/2
   888 | D:1      | Reached skill level 1 in Unarmed Combat
  1087 | D:1      | Killed Robin
  1102 | D:2      | Reached XP level 4. HP: 41/42 MP: 3/3
  1154 | D:2      | Found a stormy altar of Qazlal.
  1592 | D:2      | Found a runed translucent door.
  1593 | D:2      | Noticed Crazy Yiuf
  1598 | D:2      | Paralysed by Crazy Yiuf for 4 turns
  1601 | D:2      | Slain by Crazy Yiuf

Illustrated notes

Levels and vault maps discovered:
D:1:      lemuel_arrival_room, layout_loops_corners, serial_shops, shop,
          shapermc_ecumenical_altar_mp_highgroup
D:2:      minmay_inner_zag, layout_rooms, basic_altar, minmay_misc_feat_rugged,
          uniq_crazy_yiuf_cottage, uniq_robin

Skill      XL: |  1  2  3  4 |
---------------+-------------+-----
Slings         | 3 |  3.2
Unarmed Combat | 1 2 |  2.1
Dodging        | 2 |  2.2
Fighting       | |  1.7
Stealth        | |  0.8

Action                   |  1- 3 |  4- 6 || total
-------------------------+-------+-------++-------
Melee: Unarmed           |   118 |    43 ||   161
       Punch             |     2 |     1 ||     3
  Use: Scroll            |     5 |       ||     5
 Stab: Sleeping          |     4 |     4 ||     8
       Distracted        |       |     1 ||     1
Armor: Robe              |    59 |    18 ||    77
Dodge: Dodged            |    73 |    37 ||   110

Table legend: (Time is in decaauts)
 A = Elapsed time spent in this place.
 B = Non-inter-level travel time spent in this place.
 C = Inter-level travel time spent in this place.
 D = Time resting spent in this place.
 E = Time spent auto-exploring this place.
 F = Levels seen in this place.
 G = Mean time per level.
                   A        B        C        D        E       F      G
               +--------+--------+--------+--------+--------+-----+--------+
         Total |   1604 |   1589 |     15 |    138 |    906 |   2 |  802.0 |
       Dungeon |   1604 |   1589 |     15 |    138 |    906 |   2 |  802.0 |
               +--------+--------+--------+--------+--------+-----+--------+

Top non-repeatable levels by time:
     D:1: 1074 daAuts
     D:2: 529 daAuts
